 Dungeon Crawl Stone Soup version 0.32-a0-43-g058985b245 (webtiles) character file.

Game seed: 11673717363578534802

45 Ceno the Ruffian (level 3, -3/24 HPs)
             Began as an Octopode Shapeshifter on Feb 5, 2024.
             Killed by nerve-wracking pain
             ... invoked by Grinder
              (8 damage)
             ... on level 3 of the Dungeon.
             The game lasted 00:04:39 (1808 turns).

Ceno the Ruffian (Octopode Shapeshifter)            Turns: 1808, Time: 00:04:40

Health: -3/24      AC:  1    Str: 15    XL:     3   Next: 64%
Magic:  3/3        EV: 13    Int: 12    God:
Gold:   191        SH:  5    Dex: 11    Spells: 2/2 levels left

rFire   . .          .
                       - Unarmed
rCold   + . .        (no shield)
rNeg    . . .        (helmet currently unavailable)
rPois   .            d - amulet of reflection
rElec   .            q - ring of resist corrosion
rCorr   +            s - ring of protection from cold
SInv    .            (no ring)
Will    .....        (no ring)
Stlth   ++           (no ring)
HPRegen 0.24/turn    (no ring)
MPRegen 0.08/turn    (no ring)
                     (no ring)

%: reflection
@: beast-form
A: beast (slay +1), almost no armour, amphibious, 8 rings, camouflage 1,
gelatinous body 1, (nimble swimmer 1), tentacles
a: Begin Untransformation


You were on level 3 of the Dungeon.
You were a hulking beast.
You visited 1 branch of the dungeon, and saw 3 of its levels.

You collected 191 gold pieces.

Inventory:

Missiles
 f - 21 stones (quivered)
Jewellery
 d - an amulet of reflection (around mantle)
 q - a ring of resist corrosion (left tentacle)
 s - a ring of protection from cold (right tentacle)
Talismans
 b - a beast talisman
 c - a flux talisman
 i - a serpent talisman
Scrolls
 e - 2 scrolls of enchant armour {unknown}
 h - a scroll of immolation {unknown}
 j - a scroll of torment {unknown}
 k - 2 scrolls of teleportation {unknown}
 l - a scroll of vulnerability {unknown}
 n - a scroll of enchant weapon {unknown}
 r - a scroll of fog {unknown}
Potions
 a - a potion of lignification
 g - 2 potions of brilliance {unknown}
 m - 2 potions of mutation {unknown}
 o - a potion of enlightenment {unknown}
 p - a potion of attraction {unknown}


   Skills:
 + Level 1.8 Fighting
 - Level 2.0 Dodging
 * Level 3.8 Unarmed Combat
 + Level 3.3 Shapeshifting


You had 2 spell levels left.
You didn't know any spells.
Your spell library contained the following spells:

 Spells                   Type           Power      Damage    Failure   Level
 Apportation              Tloc           0%         N/A       32%         1
 Necrotise                Necr           0%         1d4       32%         1
 Sting                    Conj/Alch      0%         1d3       32%         1
 Summon Small Mammal      Summ           0%         N/A       32%         1


Dungeon Overview and Level Annotations

Branches:
Dungeon (3/15)

Altars:

Shops:
D:2 (

Annotations:
D:3 Grinder


Innate Abilities, Weirdness & Mutations

You are a hulking beast.
Your limbs bulge with bestial killing power. (Slay +1)
You cannot wear most types of armour.
You are amphibious.
You can wear up to eight rings at the same time.
Your skin changes colour to match your surroundings (Stealth+).
Your rubbery body absorbs attacks. (AC +1, EV +1)
((You are camouflaged when in or above water. (Stealth+)))
You have tentacles for arms and can constrict up to eight enemies at once.


Message History

You see here an adder corpse.
There is a stone staircase leading up here.
You now have 191 gold pieces (gained 8).
Found a stone staircase leading down.
Done exploring.
Done exploring.
There is a stone staircase leading down here.
You climb downwards.
The kobold shouts!
Found a robe.
There is a stone staircase leading up here.
You tentacle-slap the kobold.
You kill the kobold!
Things that are here:
a +0 short sword; a kobold corpse
Found a wooden ring.
s - a ring of protection from cold
s - a ring of protection from cold (right tentacle) Grinder comes into view.
Grinder shouts!
Grinder blinks!
Grinder attacks as she pursues you! You block Grinder's attack.
Grinder gestures at you.
You suddenly lose the ability to move!
Grinder gestures at you.
You shrug off the repeated paralysis!
Grinder says, "Just stop there for a second..."
Grinder hits you!
You can move again.
Grinder attacks as she pursues you! Grinder hits you!
* * * LOW HITPOINT WARNING * * *
You writhe in agony.
* * * LOW HITPOINT WARNING * * *
Grinder gestures at you. Pain shoots through your body!
* * * LOW HITPOINT WARNING * * *
Grinder gestures at you. Pain shoots through your body!
You die...
Grinder says, "Hey, I wasn't done torturing you yet!"

# ############ .##
..ยง........####..#.#
##########.#5.......
#<# #..........
########h##
####5######
#.........# #.5..#
#.........# #.####
#.........# #.#
#.......[.####.#
#.........5..5.#
#.........######
#.........#
#.........#


You could see Grinder.

Vanquished Creatures
  An adder (D:2)
  A dart slug (D:1)
  4 endoplasms
  A giant cockroach (D:1)
  4 goblins (D:1)
  5 hobgoblins
  2 jackals (D:1)
  3 ball pythons
  A bat (D:1)
  2 frilled lizards
  5 kobolds
  3 rats
32 creatures vanquished.

Notes
Turn   | Place    | Note
-------+----------+-------------------------------------------
     0 | D:1      | Ceno the Octopode Shapeshifter began the quest for the Orb.
     0 | D:1      | Reached XP level 1. HP: 13/13 MP: 1/1
   104 | D:1      | Reached XP level 2. HP: 18/18 MP: 2/2
  1087 | D:1      | Reached XP level 3. HP: 23/23 MP: 3/3
  1433 | D:2      | Found Cybuor's Antique Weapon Shop.
  1786 | D:3      | Noticed Grinder
  1790 | D:3      | Paralysed by Grinder for 4 turns
  1808 | D:3      | Killed from afar by Grinder

Illustrated notes

Levels and vault maps discovered:
D:1:      minmay_arrival_cross, layout_basic, minmay_cupped
D:2:      layout_basic, serial_shops, nicolae_shop_real_fake_doors
D:3:      layout_basic, nemelex_xobeh_ov_fountains_minmay, minmay_unequal,
          uniq_grinder

Action                     || total
---------------------------++-------
  Melee: Unarmed           ||    53
         Constrict         ||    13
         Tentacles         ||     8
         Punch             ||     1
   Stab: Sleeping          ||     5
 Armour: Skin              ||     9
  Dodge: Dodged            ||    21
  Block: Other             ||     7

Table legend: (Time is in decaauts)
 A = Elapsed time spent in this place.
 B = Non-inter-level travel time spent in this place.
 C = Inter-level travel time spent in this place.
 D = Time resting spent in this place.
 E = Time spent auto-exploring this place.
 F = Levels seen in this place.
 G = Mean time per level.
                   A        B        C        D        E       F      G
               +--------+--------+--------+--------+--------+-----+--------+
         Total |   1802 |   1754 |     48 |      0 |   1255 |   3 |  600.7 |
       Dungeon |   1802 |   1754 |     48 |      0 |   1255 |   3 |  600.7 |
               +--------+--------+--------+--------+--------+-----+--------+

Top non-repeatable levels by time:
     D:1: 1128 daAuts
     D:2: 603 daAuts
     D:3: 71 daAuts
